 Dungeon Crawl Stone Soup version 0.20.1-1-g8b1a95d (webtiles) character file.

44 Irenicus the Slasher (level 3, -1/26 HPs)
             Began as an Octopode Chaos Knight on Oct 13, 2017.
             Slain by an orc (5 damage)
             ... on level 2 of the Dungeon.
             The game lasted 00:01:48 (854 turns).

Irenicus the Slasher (Octopode Chaos Knight)         Turns: 854, Time: 00:01:49

Health: -1/26      AC:  1    Str: 11    XL:     3   Next: 62%
Magic:  3/3        EV: 13    Int: 14    God:    Xom [.*....]
Gold:   29         SH:  0    Dex: 12    Spells: 2/2 levels left

rFire    . . .     SeeInvis .   a - +0 falchion (chaos)
rCold    . . .     Gourm    .   (no shield)
rNeg     . . .     Faith    .   (helmet restricted)
rPois    .         Spirit   .   (no amulet)
rElec    .         Reflect  .   (no ring)
rCorr    .         Harm     .   (no ring)
MR       .....                  (no ring)
Stlth    ++........             (no ring)
Regen    0.1/turn               (no ring)
MPRegen  0.1/turn               (no ring)
                                (no ring)
                                (no ring)

@: no status effects
A: almost no armour, stealthy swim, amphibious, 8 rings, constrict 8, camouflage
1, gelatinous body 1
a: Renounce Religion


You were on level 2 of the Dungeon.
You worshipped Xom.
You were a plaything of Xom.
You were not hungry.

You visited 1 branch of the dungeon, and saw 2 of its levels.

You collected 29 gold pieces.

Inventory:

Hand Weapons
 a - a +0 falchion of chaos (weapon)
Armour
 c - a +0 buckler
Scrolls
 d - a scroll of remove curse
 f - a scroll of identify {unknown}
Potions
 e - a potion of mutation {unknown}
Comestibles
 b - 3 bread rations


   Skills:
 - Level 3.0 Fighting
 + Level 4.5 Long Blades
 - Level 2.3 Dodging


You had 2 spell levels left.
You didn't know any spells.

Dungeon Overview and Level Annotations

Branches:
Dungeon (2/15)

Altars:


Innate Abilities, Weirdness & Mutations

You cannot wear most types of armour.
You are very stealthy in the water. (Stealth+)
You are amphibious.
You can wear up to eight rings at the same time.
You can use your tentacles to constrict eight enemies at once.
Your skin changes colour to match your surroundings (Stealth+).
Your rubbery body absorbs attacks. (AC +1, EV +1)


Message History

* * * LOW HITPOINT WARNING * * *
You hit the orc but do no damage. You squeeze the orc.
You kill the orc!
You hit the orc. You burn the orc. Your grab misses the orc.
The orc is heavily wounded.
The orc hits you.
* * * LOW HITPOINT WARNING * * *
You closely miss the orc. You grab the orc.
The orc is moderately wounded.
You constrict the orc. The orc barely misses you.
You hit the orc but do no damage. You squeeze the orc.
The orc is almost dead.
You constrict the orc, but do no damage.
The orc closely misses you.
You hit the orc but do no damage.
The orc flickers and vanishes!
Deactivating autopickup; reactivate with Ctrl-A.
Xom thinks this is hilarious!
You constrict something. Something hits you.
You die...
Xom yawns loudly!

##########
##........#
..........#
########÷.#
#.#.(##÷÷#
#)##.#..#
#....#@##)(.#####
#.#.8(#{###..(...#
#..#... #...<..#
#....#.##....((#
...#. ###......#
.....# #......#
###. # #......# .
........#
#........#


There were no monsters in sight!

Vanquished Creatures
  An adder (D:2)
  An ooze (D:1)
  A dart slug (D:1)
  2 orcs (D:2)
  A ball python (D:2)
  4 goblins
  4 hobgoblins
  3 bats (D:1)
  2 frilled lizards (D:1)
  6 kobolds
  2 rats (D:1)
27 creatures vanquished.

Notes
Turn   | Place    | Note
-------+----------+-------------------------------------------
     0 | D:1      | Irenicus the Octopode Chaos Knight began the quest for the Orb.
     0 | D:1      | Reached XP level 1. HP: 16/16 MP: 1/1
     6 | D:1      | Noticed a polar bear
     6 | D:1      | Noticed a lindwurm
     6 | D:1      | Noticed a swamp drake
     6 | D:1      | Noticed an anaconda
     6 | D:1      | Noticed a redback
    11 | D:1      | XOM: potion effect (brilliance)
   128 | D:1      | Reached XP level 2. HP: 15/21 MP: 2/2
   150 | D:1      | XOM: divination: detect creatures
   211 | D:1      | XOM: harmless Necr miscast
   273 | D:1      | XOM: silly message
   369 | D:1      | Reached skill level 4 in Long Blades
   458 | D:1      | Reached XP level 3. HP: 21/26 MP: 3/3
   854 | D:2      | Slain by an orc

Skill      XL: |  1  2 |
---------------+-------+-----
Long Blades    | 4 |  4.5
Fighting       | |  3.0
Dodging        | |  2.3

Action                   || total
-------------------------++-------
Melee: Falchion          ||    51
       Constrict         ||    20
       Tentacles         ||     9
  Use: Scroll            ||     2
 Stab: Sleeping          ||     2
Armor: Skin              ||    10
Dodge: Dodged            ||    41
       Rpst.: Falchion   ||    13
